 Dungeon Crawl Stone Soup version 0.31-a0-1338-gb567cfdca4 (webtiles) character file.

Game seed: 4396396835467709321

737 pokeman the Thaumaturge (level 7, -6/38 HPs)
             Began as a Deep Elf Hedge Wizard on Dec 23, 2023.
             Was a Follower of Vehumet.
             Mangled by a gnoll
             ... wielding a +0 spear
             ... led by a gnoll bouda
              (8 damage)
             ... on level 5 of the Dungeon.
             The game lasted 00:11:22 (5559 turns).

pokeman the Thaumaturge (Deep Elf Hedge Wizard)     Turns: 5559, Time: 00:11:22

Health: -6/38      AC:  2    Str:  7    XL:     7   Next: 46%
Magic:  7/20       EV: 13    Int: 21    God:    Vehumet [*.....]
Gold:   207        SH:  0    Dex: 14    Spells: 14/22 levels left

rFire   . . .        x - +2 hand cannon (flame)
rCold   . . .        (no shield)
rNeg    . . .        b - +0 robe
rPois   .            c - +0 hat
rElec   .            (no cloak)
rCorr   .            (no gloves)
SInv    .            (no boots)
Will    .....        (no amulet)
Stlth   +            (no ring)
HPRegen 0.26/turn    (no ring)
MPRegen 0.17/turn

%: no passive effects
@: confused
A: no striking features
a: Renounce Religion


You were on level 5 of the Dungeon.
You worshipped Vehumet.
Vehumet was aware of your devotion.
You visited 1 branch of the dungeon, and saw 5 of its levels.

You collected 207 gold pieces.

Inventory:

Hand Weapons
 x - a +2 hand cannon of flaming (weapon)
Armour
 b - a +0 robe (worn)
 c - a +0 hat (worn)
 i - a +0 buckler
 y - the +18 Lear's hauberk
   (You took it off a goblin on level 4 of the Dungeon)
Magical Staves
 k - a staff of fire
 u - a staff of conjuration
Jewellery
 z - an amulet of guardian spirit
Wands
 t - a wand of iceblast (12)
Scrolls
 a - a scroll of silence {unknown}
 e - a scroll of teleportation {unknown}
 f - a scroll of amnesia {unknown}
 l - 6 scrolls of identify {unknown}
 m - a scroll of blinking {unknown}
 n - a scroll of enchant armour {unknown}
 o - 2 scrolls of vulnerability {unknown}
 s - a scroll of fog {unknown}
 v - a scroll of fear {unknown}
 w - a scroll of brand weapon {unknown}
Potions
 d - a potion of magic
 g - a potion of degeneration {unknown}
 h - 3 potions of curing {unknown}
 j - a potion of brilliance {unknown}
 p - 3 potions of enlightenment {unknown}
 q - 4 potions of might {unknown}
 r - a potion of resistance {unknown}


   Skills:
 - Level 1.0 Fighting
 - Level 1.0 Armour
 - Level 3.0 Dodging
 - Level 3.0 Stealth
 - Level 1.0 Shields
 * Level 8.0 Spellcasting
 + Level 4.0 Conjurations
 - Level 1.1 Summonings
 - Level 1.1 Translocations
 + Level 2.3 Fire Magic
 - Level 1.2 Air Magic
 + Level 2.3 Alchemy
 - Level 1.1 Evocations


You had 14 spell levels left.
You knew the following spells:

 Your Spells              Type           Power      Damage    Failure   Level
a - Magic Dart            Conj           100%       1d8       1%          1
b - Mephitic Cloud        Conj/Alch/Air  19%        N/A       9%          3
c - Call Imp              Summ           26%        N/A       8%          2
d - Blink                 Tloc           26%        N/A       8%          2

Your spell library contained the following spells:

 Spells                   Type           Power      Damage    Failure   Level
 Freeze                   Ice            32%        1d5       8%          1
 Apportation              Tloc           26%        N/A       4%          1
 Slow                     Hex            32%        N/A       8%          1
 Cigotuvi's Dreadful Rot  Necr/Alch/Air  26%        N/A       8%          2
 Jinxbite                 Hex            16%        N/A       12%         2
 Frozen Ramparts          Ice            16%        1d3       24%         3
 Leda's Liquefaction      Alch/Erth      6%         N/A       43%         4
 Petrify                  Alch/Erth      13%        N/A       43%         4
 Vhi's Electric Charge    Tloc/Air       26%        N/A       43%         4
 Arcjolt                  Conj/Air       9%         1d19      58%         5
 Alistair's Intoxication  Alch           12%        N/A       65%         5
 Metabolic Englaciation   Hex/Ice        4%         N/A       91%         5
 Maxwell's Capacitive Co  Air            6%         ∞         100%        8


Dungeon Overview and Level Annotations

Branches:
Dungeon (5/15)             Temple (0/1) D:4

Altars:
Dithmenos
Elyvilon
Vehumet

Shops:
D:3 (   D:4 *


Message History

The gnoll barely misses you.
Unknown command.
Unknown command.
You are engulfed in noxious fumes.
You choke on the stench!
You are more confused.
The bombardier beetle is engulfed in noxious fumes.
The bombardier beetle appears confused.
The gnoll misses you.
Unknown command.
You bump into the rock wall.
You are engulfed in noxious fumes.
The gnoll hits you from afar with a +0 spear.
Unknown command.
You clumsily bash the bombardier beetle but do no damage.
You are engulfed in noxious fumes.
You choke on the stench!
You are more confused.
The gnoll hits you from afar with a +0 spear. x2
* * * LOW HITPOINT WARNING * * *
The bombardier beetle is engulfed in noxious fumes.
The bombardier beetle appears confused.
You bump into the rock wall.
You are engulfed in noxious fumes.
You choke on the stench!
You are more confused.
The gnoll hits you from afar with a +0 spear.
* * * LOW HITPOINT WARNING * * *
Unknown command.
You bump into the rock wall.
You are engulfed in noxious fumes.
You choke on the stench!
You are more confused.
The gnoll closely misses you.
Unknown command.
You closely miss the bombardier beetle. The gnoll misses you.
The bombardier beetle bites you.
* * * LOW HITPOINT WARNING * * *
The bombardier beetle bites itself.
Unknown command.
You bump into the rock wall.
The gnoll misses you.
You clumsily bash the bombardier beetle but do no damage.
The bombardier beetle is lightly wounded.
The gnoll closely misses you.
The gnoll hits you from afar with a +0 spear!
You die...

#########
#.......#
#.#####.##
#.####...#
#.##.....# ###
#.##.#...# ##..
###.......## ##...
#@B....##.####....
#)#######.......<.
#g# ######....
#g### ##... #...#
##.. #...# #..
#...# #..
#####.#### #..
#........# #..


You could see a bombardier beetle (confused) and 2 gnolls.

Vanquished Creatures
  2 ogres (D:4)
  Blork the orc (D:4)
  A scorpion (D:4)
  An orc priest (D:5)
  A gnoll bouda (D:5)
  2 sleepcaps
  2 iguanas (D:4)
  8 adders
  7 gnolls
  A worm (D:2)
  A dart slug (D:1)
  11 orcs
  9 ball pythons
  8 endoplasms
  3 giant cockroaches
  10 goblins
  9 hobgoblins
  7 jackals
  9 kobolds
  3 quokkas
  8 bats
  8 frilled lizards
  6 rats
118 creatures vanquished.

Vanquished Creatures (collateral kills)
  Ijyb (D:3)
  An orc (D:4)
2 creatures vanquished.

Grand Total: 120 creatures vanquished

Notes
Turn   | Place    | Note
-------+----------+-------------------------------------------
     0 | D:1      | pokeman the Deep Elf Hedge Wizard began the quest for the
                  | Orb.
     0 | D:1      | Reached XP level 1. HP: 10/10 MP: 7/7
   258 | D:1      | Reached XP level 2. HP: 14/16 MP: 2/9
   762 | D:1      | Reached skill level 5 in Spellcasting
  1048 | D:1      | Reached XP level 3. HP: 20/20 MP: 9/11
  1052 | D:1      | Learned a level 3 spell: Mephitic Cloud
  1055 | D:1      | Learned a level 2 spell: Call Imp
  1058 | D:1      | Learned a level 2 spell: Blink
  1401 | D:1      | Found a faded altar of an unknown god.
  1876 | D:2      | Reached skill level 1 in Fighting
  1876 | D:2      | Reached skill level 1 in Armour
  2079 | D:2      | Reached XP level 4. HP: 18/25 MP: 8/13
  3263 | D:3      | Noticed Ijyb
  3283 | D:3      | Reached skill level 6 in Spellcasting
  3288 | D:3      | Killed Ijyb
  3289 | D:3      | Reached XP level 5. HP: 8/29 MP: 7/15
  3290 | D:3      | Reached skill level 1 in Shields
  3410 | D:3      | Found Laphool's Weapon Shoppe.
  3929 | D:4      | Noticed Blork the orc
  3941 | D:4      | Killed Blork the orc
  3942 | D:4      | Reached skill level 1 in Evocations
  4133 | D:4      | Found a shadowy altar of Dithmenos.
  4165 | D:4      | Noticed an ogre
  4225 | D:4      | Killed an ogre
  4226 | D:4      | Reached XP level 6. HP: 34/34 MP: 3/17
  4340 | D:4      | Found Rubbastod's Lightly-Used Armoury.
  4389 | D:4      | Found a white marble altar of Elyvilon.
  4589 | D:4      | Found a radiant altar of Vehumet.
  4598 | D:4      | Became a worshipper of Vehumet
  4630 | D:4      | Reached skill level 7 in Spellcasting
  4630 | D:4      | Reached skill level 1 in Fire Magic
  4630 | D:4      | Reached skill level 1 in Alchemy
  4869 | D:4      | Reached skill level 1 in Air Magic
  4962 | D:4      | Reached XP level 7. HP: 37/38 MP: 13/20
  5163 | D:4      | Found a staircase to the Ecumenical Temple.
  5440 | D:5      | Entered Level 5 of the Dungeon
  5507 | D:5      | Reached * piety under Vehumet
  5507 | D:5      | Offered knowledge of Freeze by Vehumet.
  5545 | D:5      | Reached skill level 8 in Spellcasting
  5557 | D:5      | HP: 1/38 [bombardier beetle (2)]
  5559 | D:5      | Mangled by a gnoll

Illustrated notes

Levels and vault maps discovered:
D:1:      tarquinn_simple_flora_water_e, layout_basic,
          shapermc_ecumenical_altar_mp_highgroup
D:2:      minmay_angry_zag, layout_basic, minmay_liquid_box
D:3:      layout_basic, serial_shops, shop, kennysheep_generic_room_10,
          uniq_ijyb
D:4:      layout_rooms, mainiacjoe_overflow_six_doors_small, marbit_many_paths,
          overflow_temple_1_default, minmay_temple_entry_overgrown,
          minmay_shop_damaged, kennysheep_generic_room_6, uniq_blork_the_orc
D:5:      layout_loops_cross, serial_bayou_pond_e

Skill      XL: |  1  2  3  4  5  6  7 |
---------------+----------------------+-----
Spellcasting   | 5 6 7 8 |  8.0
Fighting       | 1 |  1.0
Armour         | 1 |  1.0
Conjurations   | 2 3 4 |  4.0
Dodging        | 3 |  3.0
Shields        | 1 |  1.0
Evocations     | 1 |  1.1
Stealth        | 3 |  3.0
Fire Magic     | 1 2 |  2.3
Alchemy        | 1 2 |  2.3
Air Magic      | 1 |  1.2
Summonings     | |  1.1
Translocations | |  1.1

Action                     |  1- 3 |  4- 6 |  7- 9 || total
---------------------------+-------+-------+-------++-------
  Melee: Dagger            |    12 |    46 |       ||    58
         Punch             |       |     2 |       ||     2
         Hand cannon       |       |       |     4 ||     4
   Fire: Hand cannon       |       |       |    36 ||    36
   Cast: Magic Dart        |    84 |   191 |       ||   275
         Mephitic Cloud    |       |    11 |     8 ||    19
         Call Imp          |       |     3 |     2 ||     5
         Blink             |       |       |     1 ||     1
  Evoke: Wand              |       |     1 |       ||     1
   Stab: Confused          |       |     7 |       ||     7
 Armour: Robe              |    27 |    34 |    13 ||    74
  Dodge: Dodged            |    23 |    56 |    26 ||   105

Table legend: (Time is in decaauts)
 A = Elapsed time spent in this place.
 B = Non-inter-level travel time spent in this place.
 C = Inter-level travel time spent in this place.
 D = Time resting spent in this place.
 E = Time spent auto-exploring this place.
 F = Levels seen in this place.
 G = Mean time per level.
                   A        B        C        D        E       F      G
               +--------+--------+--------+--------+--------+-----+--------+
         Total |   5593 |   5443 |    150 |    430 |   4240 |   5 | 1118.6 |
       Dungeon |   5593 |   5443 |    150 |    430 |   4240 |   5 | 1118.6 |
               +--------+--------+--------+--------+--------+-----+--------+

Top non-repeatable levels by time:
     D:1: 1651 daAuts
     D:4: 1427 daAuts
     D:2: 1417 daAuts
     D:3: 964 daAuts
     D:5: 132 daAuts
